 Dungeon Crawl Stone Soup version 0.31.0-32-g396128a36d (webtiles) character file.

Game seed: 9210452809582892343

733 601d51SH the Shield-Bearer (level 7, -3/60 HPs)
             Began as a Gnoll Fighter on Mar 31, 2024.
             Slain by a river rat (6 damage)
             ... in a sewer.
             The game lasted 00:09:19 (3885 turns).

601d51SH the Shield-Bearer (Gnoll Fighter)          Turns: 3885, Time: 00:09:20

Health: -3/60      AC: 21    Str: 18    XL:     7   Next: 74%
Magic:  11/11      EV:  6    Int:  7    God:
Gold:   217        SH:  5    Dex: 11    Spells: 11/11 levels left

rFire   . . .        A - +7 dagger of Dim Light {protect, rC+ rN+ Stlth+}
rCold   + . .        c - +0 buckler
rNeg    + . .        q - +0 plate armour
rPois   +            (helmet restricted)
rElec   .            (no cloak)
rCorr   .            z - +0 pair of gloves
SInv    .            (no boots)
Will    +....        j - amulet of the acrobat Stlth
                     (no ring)
HPRegen 0.30/turn    (no ring)
MPRegen 0.12/turn

%: acrobat
@: mighty, under a protective aura, attractive, enlightened, flying
A: fangs 1, strong nose, distributed training, horns 1, poison resistance
a: no special abilities


You were in a sewer.
You visited 1 branch of the dungeon, and saw 5 of its levels.
You also visited: Sewer.

You collected 217 gold pieces.

Inventory:

Hand Weapons
 a - a +0 war axe
 l - a +0 dagger of holy wrath
 m - a +2 rapier of protection
 w - a +0 vampiric dagger
 A - the +7 dagger of Dim Light (weapon) {protect, rC+ rN+ Stlth+}
   (You found it on level 4 of the Dungeon)

   rC+:       It protects you from cold.
   rN+:       It protects you from negative energy.
   Stlth+:    It makes you more stealthy.
Missiles
 o - a throwing net
 u - 9 poisoned darts
 B - a curare-tipped dart
Armour
 b - a +0 scale mail
 c - a +0 buckler (worn)
 q - a +0 plate armour (worn)
 z - a +0 pair of gloves (worn)
Jewellery
 j - an amulet of the acrobat (around neck)
Wands
 p - a wand of mindburst (14)
Scrolls
 f - 2 scrolls of noise {unknown}
 g - 2 scrolls of identify {unknown}
 k - 2 scrolls of teleportation {unknown}
 n - 3 scrolls of poison (quivered)
 r - 2 scrolls of enchant armour {unknown}
 s - a scroll of blinking {unknown}
 y - 2 scrolls of revelation {unknown}
Potions
 d - 2 potions of might
 e - a potion of curing
 h - 2 potions of attraction
 i - 2 potions of mutation
 t - a potion of enlightenment
 v - a potion of berserk rage {unknown}
 x - a potion of brilliance {unknown}
 C - a potion of magic {unknown}


   Skills:
 + Level 7.1 Fighting
 + Level 2.8 Short Blades
 + Level 2.8 Long Blades
 + Level 5.4 Axes
 + Level 2.8 Maces & Flails
 + Level 2.8 Polearms
 + Level 2.8 Staves
 + Level 2.8 Ranged Weapons
 + Level 2.8 Throwing
 + Level 7.1 Armour
 + Level 2.8 Dodging
 + Level 2.8 Stealth
 + Level 7.1 Shields
 + Level 2.8 Unarmed Combat
 + Level 2.8 Spellcasting
 + Level 2.2 Conjurations
 + Level 2.2 Hexes
 + Level 2.2 Summonings
 + Level 2.2 Necromancy
 + Level 2.2 Translocations
 + Level 2.2 Fire Magic
 + Level 2.2 Ice Magic
 + Level 2.2 Air Magic
 + Level 2.2 Earth Magic
 + Level 2.2 Alchemy
 + Level 3.1 Invocations
 + Level 2.8 Evocations
 + Level 2.5 Shapeshifting


You had 11 spell levels left.
You didn't know any spells.
Your spell library contained the following spells:

 Spells                   Type           Power      Damage    Failure   Level
 Cigotuvi's Dreadful Rot  Necr/Alch/Air  8%         N/A       100%        2
 Dazzling Flash           Conj/Hex       8%         N/A       100%        3
 Fugue of the Fallen      Necr           4%         N/A       100%        3
 Mephitic Cloud           Conj/Alch/Air  4%         N/A       100%        3
 Ozocubu's Armour         Ice            4%         N/A       100%        3
 Volatile Blastmotes      Fire/Tloc      8%         2d10      100%        3
 Ignite Poison            Fire/Alch      4%         N/A       100%        4
 Manifold Assault         Tloc           4%         N/A       100%        4
 Alistair's Intoxication  Alch           2%         N/A       100%        5
 Borgnjor's Vile Clutch   Necr/Erth      2%         N/A       100%        5
 Curse of Agony           Necr           4%         N/A       100%        5
 Freezing Cloud           Conj/Ice/Air   2%         6-21      100%        5
 Silence                  Hex/Air        2%         N/A       100%        5
 Eringya's Noxious Bog    Alch           2%         4d6       100%        6
 Starburst                Conj/Fire      2%         6d3       100%        6
 Maxwell's Capacitive Co  Air            2%         ∞         100%        8


Dungeon Overview and Level Annotations

Branches:
Dungeon (6/15)              Sewer (1/1)
 Temple: D:4-7

Altars:
Vehumet

Shops:
D:3 (


Innate Abilities, Weirdness & Mutations

You have very sharp teeth.
Your uncanny sense of smell can sniff out nearby items.
Your experience applies equally to all skills.
You have a pair of small horns on your head.
Your system is resistant to poisons. (rPois)


Message History

You block the river rat's attack. The river rat barely misses you.
The rat barely misses you.
Sorry, you're not good enough to have a special ability.
It was a potion of attraction.
You feel attractive to monsters. You block the river rat's attack.
The river rat bites you but does no damage. x2
You block the river rat's attack. The river rat bites you.
* * * LOW HITPOINT WARNING * * *
The rat bites you but does no damage.
It was a potion of curing.
You feel better. The river rat bites you.
* * * LOW HITPOINT WARNING * * *
The river rat bites you but does no damage.
The river rat bites you.
* * * LOW HITPOINT WARNING * * *
The river rat twitches its whiskers.
The river rat bites you but does no damage. x2
The rat bites you but does no damage.
It was a potion of enlightenment.
You feel very buoyant.
You fly up into the air.
The river rat bites you.
* * * LOW HITPOINT WARNING * * *
The river rat twitches its whiskers.
The river rat bites you but does no damage. x2
You block the river rat's attack.
The river rat bites you but does no damage.
The rat bites you but does no damage.
The air fills with toxic fumes!
As you read the scroll labelled DYTHRAO XEREIVO, it crumbles to dust.
It was a scroll of poison.
The river rat bites you but does no damage.
The river rat bites you.
* * * LOW HITPOINT WARNING * * *
The river rat barely misses you. You block the river rat's attack.
The river rat closely misses you. The rat bites you but does no damage.
You puncture the river rat!
Your weapon exudes an aura of protection.
You kill the river rat!
You block the river rat's attack. The river rat bites you.
You die...

~≈≈≈≈~...#..#
.≈§§§§§§§§§§##
..~~§§§§§§§§§§#
....~§§§§§§§§§##
.....~§§§§§§§§§##
......§§§§§§§§§§##
.....~§§§§§§§.§§§##
..r...§§§§§§rrr#..#
.....~§§§§§rr@###.#
.....~§§§§§lrr###∩#
#...§§§§§§§Sr####
##.~§§§§§§§§§##
##..§§§§§§§§§§#
#..≈§§§§§§§§§§##
.....~§§§§§§§§§§§#
.....~§§§§§§§§§§§#
....~≈≈≈≈≈~~.....#


You could see 5 river rats, a ball python, a frilled lizard and 3 rats.

Vanquished Creatures
  3 ice beasts (D:6)
  A kobold brigand (D:6)
  A scorpion (D:6)
  2 hounds (D:6)
  An iguana (D:6)
  6 gnolls
  4 adders
  5 river rats
  6 ribbon worms
  2 dart slugs (D:2)
  An orc (D:3)
  5 bats
  6 endoplasms
  7 giant cockroaches
  4 hobgoblins
  5 jackals
  4 quokkas
  6 ball pythons
  5 frilled lizards
  13 kobolds
  13 rats
100 creatures vanquished.

Notes
Turn   | Place    | Note
-------+----------+-------------------------------------------
     0 | D:1      | 601d51SH the Gnoll Fighter began the quest for the Orb.
     0 | D:1      | Reached XP level 1. HP: 23/23 MP: 1/1
   234 | D:1      | Reached XP level 2. HP: 28/29 MP: 2/2
   643 | D:1      | Found a faded altar of an unknown god.
   992 | D:2      | Reached XP level 3. HP: 34/35 MP: 3/3
  1159 | D:2      | Reached skill level 1 in Invocations
  1166 | D:2      | Reached skill level 1 in Short Blades
  1166 | D:2      | Reached skill level 1 in Long Blades
  1166 | D:2      | Reached skill level 1 in Maces & Flails
  1166 | D:2      | Reached skill level 1 in Polearms
  1166 | D:2      | Reached skill level 1 in Staves
  1166 | D:2      | Reached skill level 1 in Ranged Weapons
  1166 | D:2      | Reached skill level 1 in Throwing
  1166 | D:2      | Reached skill level 1 in Dodging
  1166 | D:2      | Reached skill level 1 in Stealth
  1166 | D:2      | Reached skill level 1 in Unarmed Combat
  1166 | D:2      | Reached skill level 1 in Spellcasting
  1166 | D:2      | Reached skill level 1 in Evocations
  1170 | D:2      | Reached skill level 1 in Shapeshifting
  1170 | D:2      | Reached XP level 4. HP: 27/41 MP: 5/5
  1994 | D:3      | Reached skill level 1 in Conjurations
  1994 | D:3      | Reached skill level 1 in Hexes
  1994 | D:3      | Reached skill level 1 in Summonings
  1994 | D:3      | Reached skill level 1 in Necromancy
  1994 | D:3      | Reached skill level 1 in Translocations
  1994 | D:3      | Reached skill level 1 in Fire Magic
  1994 | D:3      | Reached skill level 1 in Ice Magic
  1994 | D:3      | Reached skill level 1 in Air Magic
  1994 | D:3      | Reached skill level 1 in Earth Magic
  1994 | D:3      | Reached skill level 1 in Alchemy
  2446 | D:3      | Found Plog's Antique Weapon Shoppe.
  2980 | D:4      | Reached XP level 5. HP: 41/47 MP: 7/7
  3067 | D:4      | Identified the +7 dagger of Dim Light {protect, rC+ rN+
                  | Stlth+}
  3176 | D:4      | You fall into a shaft and drop 2 floors!
  3187 | D:6      | Noticed an ice beast
  3205 | D:6      | Killed an ice beast
  3206 | D:6      | Reached XP level 6. HP: 51/53 MP: 8/8
  3225 | D:6      | Reached skill level 5 in Axes
  3278 | D:6      | Reached XP level 7. HP: 58/60 MP: 10/10
  3464 | D:6      | Found a radiant altar of Vehumet.
  3604 | D:6      | Found a glowing drain.
  3609 | Sewer    | Entered a sewer
  3880 | Sewer    | Gained mutation: Your system is resistant to poisons.
                  | (rPois) [potion of mutation]
  3880 | Sewer    | Gained mutation: You have a pair of small horns on your
                  | head. [potion of mutation]
  3884 | Sewer    | HP: 2/60 [river rat (4)]
  3885 | Sewer    | Slain by a river rat

Illustrated notes

Levels and vault maps discovered:
D:1:      saegor_arrival_simple_c, layout_basic, serial_bayou,
          serial_bayou_crossing, serial_bayou_ford_a, serial_bayou_lagoon_a,
          serial_bayou_shore_b, ebering_ecumenical_altar_rust,
          hangedman_decor_push
D:2:      layout_loops_corners, patterned_corridor
D:3:      layout_basic, serial_shops, shop
D:4:      layout_rooms
D:6:      layout_loops_ring, nicolae_vehumet_radiance, minmay_temple_entry_mist,
          lightli_sewer_entry_pipes
Sewer:    sewer_minmay_treatment

Skill      XL: |  1  2  3  4  5  6  7 |
---------------+----------------------+-----
Invocations    | 1 2 3 |  3.1
Short Blades   | 1 2 |  2.8
Long Blades    | 1 2 |  2.8
Maces & Flails | 1 2 |  2.8
Polearms       | 1 2 |  2.8
Staves         | 1 2 |  2.8
Ranged Weapons | 1 2 |  2.8
Throwing       | 1 2 |  2.8
Dodging        | 1 2 |  2.8
Stealth        | 1 2 |  2.8
Unarmed Combat | 1 2 |  2.8
Spellcasting   | 1 2 |  2.8
Evocations     | 1 2 |  2.8
Shapeshifting  | 1 2 |  2.5
Conjurations   | 1 2 |  2.2
Hexes          | 1 2 |  2.2
Summonings     | 1 2 |  2.2
Necromancy     | 1 2 |  2.2
Translocations | 1 2 |  2.2
Fire Magic     | 1 2 |  2.2
Ice Magic      | 1 2 |  2.2
Air Magic      | 1 2 |  2.2
Earth Magic    | 1 2 |  2.2
Alchemy        | 1 2 |  2.2
Axes           | 5 |  5.4
Fighting       | 7 |  7.1
Armour         | 7 |  7.1
Shields        | 7 |  7.1

Action                     |  1- 3 |  4- 6 |  7- 9 || total
---------------------------+-------+-------+-------++-------
  Melee: War axe           |    66 |       |       ||    66
         Rapier            |    35 |   129 |       ||   164
         Bite              |     9 |    18 |    14 ||    41
         Dagger            |       |    62 |   176 ||   238
    Use: Potion            |       |       |     5 ||     5
         Scroll            |       |       |     1 ||     1
 Armour: Scale mail        |    90 |    80 |       ||   170
         Plate armour      |       |    41 |   205 ||   246
  Dodge: Dodged            |    72 |    74 |   113 ||   259
  Block: Buckler           |    29 |    58 |    74 ||   161
